 Dungeon Crawl Stone Soup version 0.29.1-15-g9cfb28693d (webtiles) character file.

Game seed: 3530382208503021923

58418 joshua the Severer (level 14, -1/136 HPs)
             Began as a Minotaur Berserker on Mar 23, 2023.
             Was a High Priest of Trog.
             Slain by a sun demon (18 damage)
             ... on level 5 of the Lair of Beasts on Mar 24, 2023.
             The game lasted 01:53:18 (19136 turns).

joshua the Severer (Minotaur Berserker)            Turns: 19136, Time: 01:53:19

Health: -1/136     AC: 12    Str: 39    XL:     14   Next: 49%
Magic:  0/13       EV: 14    Int:  4    God:    Trog [*****.]
Gold:   1339       SH:  5    Dex: 12    Spells: 13/13 levels left

rFire   . . .      SeeInvis .   i - +10 broad axe "Vealutoe" {vorpal, Str+4}
rCold   . . .      Faith    .   Q - +2 buckler of the Elephant {rPois Stlth+}
rNeg    . . .      Spirit   +   D - +0 plate armour
rPois   +          Reflect  .   T - +0 hat {Will+}
rElec   .          Harm     .   p - +0 cloak
rCorr   .          Rampage  .   G - +0 pair of gloves
Will    ++...                   X - +2 pair of boots
Stlth   ..........              A - amulet "Beqoimymn" {Spirit Str+4}
HPRegen 0.32/turn               j - +4 ring of protection
MPRegen 0.13/turn               B - +6 ring of strength

@: about to teleport, corroded
A: horns 2, retaliatory headbutt
a: Renounce Religion, Berserk, Trog's Hand, Brothers in Arms


You were on level 5 of the Lair of Beasts.
You worshipped Trog.
Trog was extremely pleased with you.
You visited 4 branches of the dungeon, and saw 18 of its levels.

You collected 1382 gold pieces.
You spent 43 gold pieces at shops.

Inventory:

Hand Weapons
 a - a +1 spectral hand axe
 c - a +2 dire flail of protection
 i - the +10 broad axe "Vealutoe" (weapon) {vorpal, Str+4}
   (You found it on level 2 of the Lair of Beasts)

   It inflicts extra damage upon your enemies.
   Str:       It affects your strength (+4).
 w - a +2 rapier of venom
 x - a +2 dagger of flaming
 H - the +8 long sword of Degouj {distort, Will+ Dex+4}
   (You found it on level 6 of the Dungeon)

   It warps and distorts space around it, and may blink, banish, or inflict
   extra damage upon those it strikes.
   Unwielding it can cause banishment or high damage.
   Dex:       It affects your dexterity (+4).
   Will:      It increases your willpower.
 J - a +2 morningstar
 K - a +0 demon trident of electrocution
 Y - a +3 trident of freezing
Armour
 d - a +2 leather armour of fire resistance
 p - a +0 cloak (worn)
 y - a +1 buckler of cold resistance
 D - a +0 plate armour (worn)
 G - a +0 pair of gloves (worn)
 Q - the +2 buckler of the Elephant (worn) {rPois Stlth+}
   (You found it on level 1 of the Lair of Beasts)

   rPois:     It protects you from poison.
   Stlth:     It makes you more stealthy.
 R - the +1 scale mail of Eternal Night {rF+ rN+}
   (You found it on level 1 of the Lair of Beasts)

   rF:        It protects you from fire.
   rN:        It protects you from negative energy.
 T - a +0 hat of willpower (worn)
 X - a +2 pair of boots (worn)
Jewellery
 b - an amulet of the acrobat
 e - the ring of Lakh {Ice rElec rPois Str-4 Int+4}
   (You found it on level 5 of the Lair of Beasts)

   [ring of ice]

   It enhances your ice magic.
   Str:       It affects your strength (-4).
   Int:       It affects your intelligence (+4).
   rF:        It makes you vulnerable to fire.
   rC:        It protects you from cold.
   rElec:     It insulates you from electricity.
   rPois:     It protects you from poison.
 j - a +4 ring of protection (left hand)
 o - a ring of fire
 t - a ring of resist corrosion
 A - the amulet "Beqoimymn" (around neck) {Spirit Str+4}
   (You found it on level 4 of the Dungeon)

   [amulet of guardian spirit]

   It causes incoming damage to be divided between your reserves of health and
   magic.
   Str:       It affects your strength (+4).
 B - a +6 ring of strength (right hand)
 V - a ring of magical power
Wands
 h - a wand of flame (22)
 E - a wand of mindburst (32)
 M - a wand of acid (22)
 O - a wand of paralysis (16)
 S - a wand of digging (4)
Scrolls
 f - 4 scrolls of poison
 k - a scroll of magic mapping
 s - 6 scrolls of identify
 C - 3 scrolls of enchant armour
 L - a scroll of brand weapon
 P - 5 scrolls of teleportation
 Z - a scroll of blinking
Potions
 g - 4 potions of flight
 l - 4 potions of lignification
 m - a potion of mutation {unknown}
 n - a potion of resistance
 q - 5 potions of curing
 r - a potion of magic
 u - 5 potions of might
 z - 3 potions of haste
 F - 2 potions of heal wounds
 N - 3 potions of invisibility
 W - 2 potions of ambrosia
Miscellaneous
 v - a phantom mirror
 U - a phantom mirror


   Skills:
 * Level 15.8 Fighting
 * Level 15.8 Axes
 * Level 15.5 Armour
 * Level 14.3 Dodging


You had 13 spell levels left.
You didn't know any spells.
Your spell library contained the following spells:

 Spells                   Type           Power      Damage    Failure   Level
 Beastly Appendage        Tmut           0%         N/A       96%         1
 Shock                    Conj/Air       0%         1d3       96%         1
 Sting                    Tmut/Pois      0%         1d3       96%         1
 Poisonous Vapours        Pois/Air       0%         N/A       99%         2
 Wereblood                Tmut           0%         N/A       99%         2
 Spider Form              Tmut/Pois      0%         N/A       100%        3
 Swiftness                Air            0%         N/A       100%        3
 Airstrike                Air            0%         2d(0-16)  100%        4
 Olgreb's Toxic Radiance  Pois           0%         N/A       100%        4
 Alistair's Intoxication  Tmut/Pois      0%         N/A       100%        5
 Borgnjor's Vile Clutch   Necr/Erth      0%         N/A       100%        5
 Eringya's Noxious Bog    Tmut/Pois      0%         N/A       100%        6


Dungeon Overview and Level Annotations

Branches:
Dungeon (11/15)            Temple (1/1) D:4            Lair (5/5) D:11
 Shoals (0/4) Lair:2       Spider (0/4) Lair:3        Slime (0/5) Lair:4
   Hell (visited)
    Orc: D:9-12         Dis: Hell:1         Geh: Hell:1         Coc: Hell:1
    Tar: Hell:1

Altars:
Ashenzari
Cheibriados
Dithmenos
Elyvilon
Fedhas
Gozag
Hepliaklqana
Kikubaaqudgha
Makhleb
Nemelex Xobeh
Okawaru
Qazlal
Ru
Sif Muna
Trog
Uskayaw
Vehumet
Wu Jian
Xom
Yredelemnul
Zin
The Shining One
Jiyva

Shops:
D:2 *

Portals:
Hell: Lair:5

Annotations:
Hell Geryon


Innate Abilities, Weirdness & Mutations

You have a pair of horns on your head.
You reflexively headbutt those who attack you in melee.


Message History

The rust devil corrodes you!
You are too injured to fight recklessly!
Your two-headed ogre goes berserk!
The sun demon hits you but does no damage.
The sun demon completely misses you. The sun demon hits you!
You are engulfed in flames!
The rust devil barely misses you.
Okay, then.
As you read the scroll of teleportation, it crumbles to dust.
You feel strangely unstable. The sun demon hits you.
You are engulfed in flames!!
* * * LOW HITPOINT WARNING * * *
The sun demon hits you but does no damage.
You block the sun demon's attack.
Your two-headed ogre hits the sun demon with a +0 giant club!!
Your two-headed ogre closely misses the sun demon.
The rust devil hits you. The rust devil corrodes you!
You closely miss the rust devil.
The rust devil is heavily wounded.
You hit the sun demon. x2; You closely miss the sun demon.
You block the sun demon's attack. The sun demon barely misses you.
The sun demon closely misses you.
Your two-headed ogre barely misses the sun demon.
Your two-headed ogre hits the sun demon with a +0 giant club!!!
The sun demon dies!
Trog accepts your kill. The rust devil hits you. The rust devil corrodes you!
You hit the rust devil. You headbutt the rust devil!
The rust devil is severely wounded.
You hit the sun demon but do no damage. You slash the sun demon!
You kill the sun demon!
Trog accepts your kill.
The sun demon hits you but does no damage.
Your two-headed ogre closely misses the rust devil.
Your two-headed ogre hits the rust devil with a +0 giant club!!!
The rust devil dies!
Trog accepts your kill. The sun demon completely misses you.
The sun demon hits you!
* * * LOW HITPOINT WARNING * * *
You are engulfed in flames!!
You die...

♣.....♣ ♣♣
#######''######
#.............#######
#....8....8...#...... #
#.............'...8.8
#§###############).8.#.
#≈≈≈≈§§≈§.......#...8.#
#≈≈≈≈§§§§.......#..#.8.
#≈≈§§∩@O..._....'...#.8
#≈≈≈§≈3§....))..#..8.8.
#≈≈≈≈§≈§≈≈§§....#......
#≈≈§≈§≈≈≈≈≈≈§##########
#≈≈≈≈§≈§§≈§≈≈≈≈≈
#################


You could see a sun demon and a friendly two-headed ogre (summoned, berserk).

Vanquished Creatures
  Gastronok (Lair:3)
  A dire elephant (Lair:5)
  The ghost of Parcival the Blocker, a journeyman MiFi of Ashenzari (Lair:2)
  7 hydras
  A boulder beetle (D:10)
  12 death yaks
  2 sun demons (Lair:5)
  Sonja (Lair:4)
  A sixfirhy (Lair:5)
  A wizard (Lair:5)
  A bog body (Lair:2)
  An oklob plant (Lair:5)
  2 cyclopes (D:11)
  A moth of wrath (Lair:2)
  5 black mambas
  2 torpor snails
  An ice statue (Lair:2)
  Joseph (D:7)
  3 orange demons (Lair:5)
  12 cane toads
  An unseen horror (D:10)
  5 rime drakes
  6 komodo dragons
  2 entropy weaver simulacra (Lair:2)
  An ice devil (Lair:5)
  2 red devils (Lair:5)
  A hellwing (Lair:5)
  A meliai (Lair:3)
  5 hornets
  Prince Ribbit (D:8)
  10 dream sheep
  19 blink frogs
  A snapping turtle (Lair:2)
  5 wyverns
  A vampire (D:11)
  5 spriggans (Lair:2)
  43 yaks
  Eustachio (D:5)
  2 basilisks (Lair:3)
  Grum (D:10)
  4 vampire mosquitoes (D:11)
  2 death yak simulacra (Lair:2)
  4 hell hounds (Lair:5)
  13 water moccasins
  Duvessa (D:5)
  An ice beast (D:6)
  A sky beast (D:7)
  2 orc warriors
  4 black bears
  22 wolves
  2 ogres
  A phantom (D:6)
  3 centaurs
  9 bullfrogs
  Blork the orc (D:6)
  A necrophage (D:6)
  A kobold brigand (D:11)
  A gnoll sergeant (D:10)
  2 scorpions (D:5)
  2 two-headed ogre simulacra (Lair:2)
  4 wights (D:6)
  Dowan (D:5)
  9 killer bees
  An electric eel (Lair:1)
  A howler monkey (D:4)
  A hound (D:6)
  A jelly (D:5)
  3 orc priests
  Crazy Yiuf (D:7)
  A gnoll bouda (D:9)
  Jessica (D:2)
  Ijyb (D:3)
  5 iguanas
  9 orc wizards
  A polar bear simulacrum (Lair:2)
  3 spriggan simulacra (Lair:2)
  A wolf simulacrum (Lair:2)
  15 gnolls
  A naga simulacrum (Lair:2)
  12 adders
  2 shadow imps
  A white imp (D:8)
  A worm (D:2)
  5 dart slugs
  21 orcs
  9 endoplasms
  8 giant cockroaches
  15 goblins
  7 hobgoblins
  5 jackals
  3 quokkas
  8 ball pythons
  5 bats
  4 frilled lizards
  10 kobolds
  3 rats
426 creatures vanquished.

Vanquished Creatures (collateral kills)
  4 hydras
  A sun demon (Lair:5)
  A rust devil (Lair:5)
  A cane toad (Lair:5)
  A dream sheep (Lair:5)
  A yak (Lair:5)
  A water moccasin (Lair:5)
10 creatures vanquished.

Vanquished Creatures (others)
  42 fungi
  31 plants
73 creatures vanquished.

Grand Total: 509 creatures vanquished

Notes
Turn   | Place    | Note
-------+----------+-------------------------------------------
     0 | D:1      | joshua the Minotaur Berserker began the quest for the Orb.
     0 | D:1      | Reached XP level 1. HP: 19/19 MP: 0/0
   245 | D:1      | Reached XP level 2. HP: 27/27 MP: 1/1
   604 | D:1      | Reached ** piety under Trog
   625 | D:1      | Reached XP level 3. HP: 32/32 MP: 2/2
  1040 | D:2      | Noticed Jessica
  1042 | D:2      | Killed Jessica
  1054 | D:2      | Reached XP level 4. HP: 21/41 MP: 3/3
  1452 | D:2      | Found Yxzo's Assorted Antiques.
  1466 | D:2      | Bought a lumpy golden potion for 20 gold pieces
  1466 | D:2      | Bought a scroll labelled ONTOIL AWE for 23 gold pieces
  1770 | D:2      | Reached XP level 5. HP: 46/47 MP: 4/4
  2249 | D:3      | Reached *** piety under Trog
  2328 | D:3      | Noticed Ijyb
  2337 | D:3      | Killed Ijyb
  2338 | D:3      | Reached skill level 5 in Fighting
  2521 | D:3      | Found a faded altar of an unknown god.
  2560 | D:3      | Found a stormy altar of Qazlal.
  2853 | D:4      | Noticed an ogre
  2863 | D:4      | Killed an ogre
  2864 | D:4      | Reached skill level 5 in Axes
  2864 | D:4      | Reached XP level 6. HP: 39/56 MP: 5/5
  3494 | D:4      | Identified the amulet "Beqoimymn" {Spirit Str+4}
  3606 | D:4      | Found a staircase to the Ecumenical Temple.
  3612 | Temple   | Entered the Ecumenical Temple
  3846 | D:5      | Entered Level 5 of the Dungeon
  3851 | D:5      | Reached XP level 7. HP: 51/62 MP: 4/6
  3863 | D:5      | Reached skill level 5 in Armour
  4028 | D:5      | Noticed Dowan
  4030 | D:5      | Noticed Duvessa
  4032 | D:5      | Noticed Eustachio
  4038 | D:5      | Killed Duvessa
  4039 | D:5      | Reached skill level 5 in Dodging
  4040 | D:5      | Killed Dowan
  4054 | D:5      | Killed Eustachio
  4084 | D:5      | Reached XP level 8. HP: 71/71 MP: 7/7
  4400 | D:6      | Noticed Blork the orc
  4405 | D:6      | Killed Blork the orc
  4519 | D:6      | Identified the +8 long sword of Degouj {distort, Will+
                  | Dex+4}
  5055 | D:6      | Reached XP level 9. HP: 78/81 MP: 8/8
  5229 | D:7      | Noticed Joseph
  5244 | D:7      | Killed Joseph
  5430 | D:7      | Reached **** piety under Trog
  5667 | D:7      | Found a runed translucent door.
  5668 | D:7      | Noticed Crazy Yiuf
  5676 | D:7      | Killed Crazy Yiuf
  6092 | D:8      | Noticed a centaur warrior
  6092 | D:8      | Noticed a centaur warrior
  6092 | D:8      | Noticed a deep elf pyromancer
  6092 | D:8      | Noticed a cyclops
  6093 | D:8      | Noticed a centaur warrior
  6093 | D:8      | Noticed a black mamba
  6096 | D:8      | Noticed Prince Ribbit
  6104 | D:8      | Killed Prince Ribbit
  6121 | D:8      | Noticed a cyclops
  6122 | D:8      | Noticed a green ugly thing
  6122 | D:8      | Noticed a harpy
  6122 | D:8      | Noticed a boulder beetle
  6246 | D:8      | Noticed a harpy
  6466 | D:8      | Found a sparkling altar of Nemelex Xobeh.
  6469 | D:8      | Found a white marble altar of Elyvilon.
  6470 | D:8      | Found a basalt altar of Yredelemnul.
  6470 | D:8      | Found an ancient bone altar of Kikubaaqudgha.
  7595 | D:10     | Entered Level 10 of the Dungeon
  7633 | D:10     | Found a sacrificial altar of Ru.
  7732 | D:10     | Noticed a komodo dragon
  7742 | D:10     | Killed a komodo dragon
  7743 | D:10     | Reached XP level 10. HP: 65/91 MP: 5/9
  7876 | D:10     | Noticed Grum
  7900 | D:10     | Killed Grum
  8005 | D:10     | Found a shimmering altar of Xom.
  8008 | D:10     | Found a shimmering altar of Xom.
  8009 | D:10     | Found a shimmering altar of Xom.
  8009 | D:10     | Found a shimmering altar of Xom.
  8010 | D:10     | Found a shimmering altar of Xom.
  8121 | D:10     | Reached skill level 10 in Fighting
  8228 | D:10     | Reached skill level 10 in Axes
  8529 | D:10     | Noticed a boulder beetle
  8557 | D:10     | Killed a boulder beetle
  8821 | D:10     | Found a shimmering altar of Xom.
  8822 | D:10     | Found a shimmering altar of Xom.
  9208 | D:11     | Paralysed by a hornet for 3 turns
  9212 | D:11     | Reached skill level 10 in Armour
  9553 | D:11     | Found a staircase to the Lair.
  9754 | D:11     | Noticed a cyclops
  9761 | D:11     | Killed a cyclops
  9863 | D:11     | Noticed a cyclops
  9871 | D:11     | Killed a cyclops
  9872 | D:11     | Reached XP level 11. HP: 79/101 MP: 7/10
 10402 | Lair:1   | Entered Level 1 of the Lair of Beasts
 10411 | Lair:1   | Reached skill level 10 in Dodging
 11052 | Lair:1   | Identified the +2 buckler of the Elephant {rPois Stlth+}
 11093 | Lair:1   | Identified the +1 scale mail of Eternal Night {rF+ rN+}
 11469 | Lair:2   | Found a transporter.
 11473 | Lair:2   | Found a transporter.
 11498 | Lair:2   | Noticed a spriggan rider
 11541 | Lair:2   | Noticed a seven-headed hydra
 11557 | Lair:2   | Killed an eight-headed hydra
 12089 | Lair:2   | Noticed a six-headed hydra
 12099 | Lair:2   | Killed a six-headed hydra
 12136 | Lair:2   | Identified the +10 broad axe "Vealutoe" {vorpal, Str+4}
 12246 | Lair:2   | Reached XP level 12. HP: 113/113 MP: 11/11
 12272 | Lair:2   | You fall into a shaft and drop 2 floors!
 12272 | Lair:4   | Noticed a seven-headed hydra
 12287 | Lair:4   | Killed a seven-headed hydra
 12636 | Lair:3   | Found a hole to the Spider Nest.
 12775 | Lair:3   | Found a sacrificial altar of Ru.
 12786 | Lair:3   | Found a runed translucent door.
 12797 | Lair:3   | Noticed a four-headed hydra
 12806 | Lair:3   | Killed a four-headed hydra
 12982 | Lair:2   | Noticed a five-headed hydra
 12990 | Lair:2   | Killed a five-headed hydra
 13192 | Lair:2   | Reached ***** piety under Trog
 13831 | Lair:2   | Found a bloodstained altar of Trog.
 13831 | Lair:2   | Noticed Parcival's ghost (journeyman MiFi)
 13847 | Lair:2   | Killed Parcival's ghost
 14612 | Lair:2   | Reached XP level 13. HP: 67/123 MP: 6/12
 15321 | Lair:2   | Found a staircase to the Shoals.
 15768 | Lair:3   | Noticed Gastronok
 15778 | Lair:3   | Killed Gastronok
 16068 | Lair:4   | Noticed Sonja
 16073 | Lair:4   | Killed Sonja
 17074 | Lair:4   | Found a viscous altar of Jiyva.
 17074 | Lair:4   | Found a staircase to the Slime Pits.
 17164 | Lair:5   | Entered Level 5 of the Lair of Beasts
 17338 | Lair:5   | Received a gift from Trog
 17476 | Lair:5   | Reached skill level 15 in Fighting
 17479 | Lair:5   | Reached skill level 15 in Axes
 17494 | Lair:5   | Reached XP level 14. HP: 96/135 MP: 9/13
 17514 | Lair:5   | Reached skill level 15 in Armour
 17696 | Lair:5   | Identified the ring of Lakh {Ice rElec rPois Str-4 Int+4}
 18336 | Lair:5   | Found a burning altar of Makhleb.
 18620 | Lair:5   | Found a gateway to Hell.
 19118 | Hell     | Entered the Vestibule of Hell
 19118 | Hell     | Noticed a hellephant
 19118 | Hell     | Noticed a reaper
 19119 | Hell     | Noticed Geryon
 19119 | Hell     | Noticed a reaper
 19136 | Lair:5   | Slain by a sun demon

Illustrated notes

Levels and vault maps discovered:
D:1:      amcnicky_arrival_underground_garden, layout_loops_cross,
          minmay_pentomino_u4
D:2:      layout_basic, serial_shops, nicolae_shop_trees, serial_bayou_pond_c,
          fountainhead, nicolae_concentric_dashed_squares_mild, minmay_3d_cube,
          uniq_jessica
D:3:      layout_rooms, mainiacjoe_overflow_concentric_impassable,
          ebering_ecumenical_altar_box, kennysheep_nondescript,
          kennysheep_generic_room_14, uniq_ijyb
D:4:      nicolae_cairo_tiling_large_dashed, layout_loops_ring,
          minmay_temple_entry_fiery
D:5:      layout_rooms, minivault_23, uniq_duvessa, uniq_eustachio
D:6:      layout_loops_ring, uniq_blork_the_orc
D:7:      layout_cave_pools, uniq_joseph, uniq_crazy_yiuf_cottage
D:8:      layout_loops_corners, grunt_temple_overflow_open, minivault_12,
          uniq_prince_ribbit1
D:9:      layout_cave_pods
D:10:     layout_cave_pods, nicolae_xom_altar_mimics, kennysheep_mini_moat,
          grunt_ministairs_11, uniq_grum
D:11:     layout_stronghold, david_lair_shrubbed, gauntlet_entry_generic
Temple:   bh_familiar_temple
Lair:1:   layout_misc_corridors, serial_bayou_shore_a, serial_bayou_shore_b,
          infiniplex_staircase_pool_2
Lair:2:   dreamdust_isle_of_ice, layout_regular_city, minmay_shoals_entry_hut,
          gammafunk_ghost_wrathful_warriors
Lair:3:   layout_cave_pods, hellmonk_spider_entry_not_the_bees, basic_altar,
          pf_torpor_hydra, uniq_gastronok
Lair:4:   layout_roguey, dpeg_slime_entry_enclosed, uniq_sonja
Lair:5:   evil_forest, layout_regular_city
Hell

Skill      XL: |  1  2  3  4  5  6  7  8  9 10 11 12 13 14 |
---------------+-------------------------------------------+-----
Fighting       | 4 5 6 8 9 10 12 13 15 | 15.8
Axes           | 4 5 6 7 9 10 12 13 15 | 15.8
Armour         | 3 4 5 7 9 10 11 13 14 15 | 15.5
Dodging        | 3 4 5 6 8 9 11 12 13 14 | 14.3

Action                   |  1- 3 |  4- 6 |  7- 9 | 10-12 | 13-15 || total
-------------------------+-------+-------+-------+-------+-------++-------
Melee: Hand axe          |    68 |   120 |   209 |   255 |       ||   652
       Headbutt          |     8 |    14 |    39 |    95 |    51 ||   207
       Punch             |     1 |     1 |     5 |     1 |       ||     8
       Dagger            |       |       |       |    35 |       ||    35
       Broad axe         |       |       |       |   107 |   237 ||   344
       Morningstar       |       |       |       |    28 |    17 ||    45
Invok: Trog's Hand       |       |     1 |     3 |     6 |     1 ||    11
       Berserk           |       |     1 |     2 |     6 |     2 ||    11
       Brothers in Arms  |       |       |       |     1 |     2 ||     3
  Use: Scroll            |       |    11 |    10 |     3 |     1 ||    25
       Potion            |       |     5 |       |     1 |       ||     6
 Stab: Sleeping          |       |     1 |       |       |       ||     1
       Distracted        |       |       |     2 |     2 |       ||     4
Armor: Animal skin       |    21 |    31 |       |       |       ||    52
       Scale mail        |       |     4 |    13 |       |       ||    17
       Plate armour      |       |       |    88 |   303 |   185 ||   576
Dodge: Dodged            |    42 |    61 |   100 |   247 |   180 ||   630
Block: Buckler           |       |       |       |    85 |    52 ||   137
